 Dungeon Crawl Stone Soup version 0.30-a0-469-g84de5afbc5 (webtiles) character file.

Game seed: 14567167051119704284

11106 kae the Arsonist (level 11, -3/59 (64) HPs)
             Began as a Tengu Fire Elementalist on Dec 19, 2022.
             Was an Elder of Vehumet.
             Killed from afar by Josephine (12 damage)
             ... with a ghostly fireball
             ... on level 11 of the Dungeon.
             The game lasted 00:15:07 (12153 turns).

kae the Arsonist (Tengu Fire Elementalist)         Turns: 12153, Time: 00:15:07

HP:   -3/59 (64)    AC:  3    Str:  9    XL:     11   Next: 72%
MP:   15/23         EV: 18    Int: 20    God:    Vehumet [****..]
Gold: 510           SH:  5    Dex: 14    Spells: 4/25 levels left

rFire   + + .      SeeInvis +    B - staff of fire {!a}
rCold   . . .      Faith    .    (no shield)
rNeg    . . .      Spirit   .    a - +1 robe
rPois   .          Reflect  +    (helmet restricted)
rElec   .          Harm     .    (no cloak)
rCorr   .          Rampage  .    (no gloves)
Will    .....                    (boots unavailable)
Stlth   ++........               s - amulet of reflection
HPRegen 0.29/turn                f - ring of protection from fire
MPRegen 0.18/turn                v - ring of see invisible

@: flying quickly and evasively, drained, quick
A: beak, talons 3, nimble flight
a: Renounce Religion


You were on level 11 of the Dungeon.
You worshipped Vehumet.
Vehumet was greatly pleased with you.
You visited 1 branch of the dungeon, and saw 11 of its levels.
You also visited: Bailey.

You collected 510 gold pieces.


Innate Abilities, Weirdness & Mutations

You have a beak for a mouth.
You have claws for feet.
Your magical nature lets you fly swiftly and evasively.


   Skills:
 + Level 5.6 Fighting
 + Level 6.2 Staves
 + Level 6.8 Dodging
 - Level 2.0 Stealth
 + Level 7.8 Spellcasting
 + Level 10.7 Conjurations
 + Level 11.4 Fire Magic


You had 4 spell levels left.
You knew the following spells:

 Your Spells              Type           Power      Damage    Failure   Level
a - Foxfire               Conj/Fire      100%       2x1d9     1%          1
b - Scorch                Fire           100%       2d10      1%          2
c - Inner Flame           Hex/Fire       46%        N/A       1%          3
d - Flame Wave            Conj/Fire      67%        2d15      1%          4
e - Fireball              Conj/Fire      33%        3d14      1%          5
f - Starburst             Conj/Fire      33%        6d10      4%          6

Your spell library contained the following spells:

 Spells                   Type           Power      Damage    Failure   Level
 Iskenderun's Mystic Bla  Conj/Tloc      29%        2d7       2%          4
 Ignite Poison            Fire/Tmut/Pois 34%        N/A       1%          3
 Kindle Blastsparks       Fire/Tloc/Air  68%        2d15      1%          3
 Necrotise                Necr           28%        1d5       9%          1
 Summon Small Mammal      Summ           28%        N/A       9%          1
 Ensorcelled Hibernation  Hex/Ice        14%        N/A       13%         2
 Passwall                 Tmut/Erth      5%         N/A       13%         2
 Sublimation of Blood     Necr           7%         N/A       13%         2
 Wereblood                Tmut           7%         N/A       13%         2
 Call Canine Familiar     Summ           7%         N/A       26%         3
 Portal Projectile        Hex/Tloc       14%        N/A       26%         3
 Summon Guardian Golem    Hex/Summ       7%         N/A       26%         3
 Swiftness                Air            7%         N/A       26%         3
 Vampiric Draining        Necr           7%         2d6       26%         3
 Cause Fear               Hex            3%         N/A       65%         4
 Leda's Liquefaction      Hex/Erth       3%         N/A       65%         4
 Irradiate                Conj/Tmut      14%        3d16      7%          5
 Freezing Cloud           Conj/Ice/Air   11%        6-21      16%         5
 Agony                    Necr           7%         N/A       94%         5
 Blade Hands              Tmut           3%         N/A       94%         5
 Dragon Form              Tmut           3%         N/A       100%        7
 Summon Hydra             Summ           3%         N/A       100%        7
 Discord                  Hex            3%         N/A       100%        8

Inventory:

Hand Weapons
 u - a +3 dagger of draining
   (You took it off an orc wizard on level 3 of the Dungeon)
Missiles
 d - 13 poisoned darts
 k - 2 atropa-tipped darts
 n - 4 throwing nets {=f!f}
 t - 33 boomerangs
 z - 9 javelins
 R - 82 stones
 S - 2 curare-tipped darts {=f}
Armour
 a - a +1 robe (worn)
Magical Staves
 B - a staff of fire (weapon) {!a}
   (You acquired it on level 6 of the Dungeon)
Jewellery
 f - a ring of protection from fire (left hand)
   (You found it on level 7 of the Dungeon)
 s - an amulet of reflection (around neck)
   (You found it on level 2 of the Dungeon)
 v - a ring of see invisible (right hand)
   (You found it on level 3 of the Dungeon)
 A - an amulet of the acrobat
   (You found it on level 2 of the Dungeon)
 C - a ring of protection from cold
   (You found it on level 1 of the Dungeon)
 E - a +4 ring of evasion
   (You found it on level 7 of the Dungeon)
 F - a ring of fire
   (You found it on level 11 of the Dungeon)
 N - a ring of positive energy
   (You found it on level 6 of the Dungeon)
 T - an amulet of faith {!P}
   (You found it on level 6 of the Dungeon)
 Z - a ring of wizardry
   (You found it on level 8 of the Dungeon)
Wands
 q - a wand of charming (14)
   (You found it on level 4 of the Dungeon)
 y - a wand of flame (9)
   (You found it on level 5 of the Dungeon)
 I - a wand of roots (2)
   (You found it on level 9 of the Dungeon)
Scrolls
 o - 2 scrolls of magic mapping {!r}
 w - 5 scrolls of fear
 x - 2 scrolls of teleportation {@r4}
 D - a scroll of enchant weapon
 G - a scroll of fog
 H - 4 scrolls of enchant armour
 J - 2 scrolls of blinking {!r}
 M - a scroll of poison {!r}
 P - a scroll of vulnerability {!r!r}
 Q - 2 scrolls of identify {@r1}
Potions
 b - 5 potions of magic
 c - 3 potions of attraction {!q}
 e - 3 potions of might
 g - 2 potions of heal wounds {@q2}
 h - 9 potions of curing {@q1}
 i - 4 potions of flight
 j - 3 potions of degeneration {!q}
 l - a potion of berserk rage {!q}
 m - 2 potions of invisibility
 p - a potion of haste {@q3}
 r - 2 potions of lignification {!q}
 K - 2 potions of mutation {!q}
 U - 2 potions of brilliance {unknown}
Miscellaneous
 L - a piece from Xom's chessboard (15/15)
   (You found it in a bailey)
 O - a lightning rod (4/4)
   (You found it on level 9 of the Dungeon)

Dungeon Overview and Level Annotations

Branches:
Dungeon (11/15) Zot: 26543  Temple (0/1) D:6            Lair (0/5) D:8
    Orc (0/2) D:9          Bailey (visited)

Altars:
Ashenzari
Cheibriados
Dithmenos
Hepliaklqana
Kikubaaqudgha
Nemelex Xobeh
Okawaru
Ru
Sif Muna
Trog
Vehumet
Wu Jian

Shops:
D:7 =:

Annotations:
D:8 1 runed translucent door
D:11 Josephine

..WW@.. #.'......#
....... ###......#
....... #......#
#......# #####.##
###.@..####
#.§.......# #####
#§.§......# #....
#@§.......####....
#§........'.##....
#.........#.)#....
#.........##[#....
#.........##)#....
#.........##)#....
#.........##.'....
+.........####....
#.........# #....


You could see Josephine.


Message History

You take 6 damage, and now have 39/64 hp.
You hit the wraith.
You destroy the wraith!
Vehumet accepts your kill.
You feel your power returning. The wraith barely misses you.
The wraith misses you. 😮 HP[+1] MP[+3]
You regained 3 mp, and now have 21/23 mp.
Casting: Scorch (safe; 1% risk of failure)
Confirm with . or Enter, or press ? or * to list all spells.
Casting: Flame Wave (safe; 1% risk of failure)
Press: ? - help, Dir - look around, f - activate You feel a surge of power!
A wave of flame ripples out!
The flame wave engulfs the wraith!
The flame wave engulfs the wraith but does no damage.
The flame wave engulfs the wraith! (Press . to intensify the flame waves.)
The wraith barely misses you. The wraith hits you. The wraith misses you.
The wraith barely misses you. x2; The wraith misses you. 😮 HP[-6] MP[-3]
You take 6 damage, and now have 34/64 hp.
You lost 3 mp, and now have 18/23 mp.
A wave of flame ripples out!
The flame wave engulfs the wraith!!
The flame wave engulfs the wraith!
The flame wave engulfs the wraith.
The wraith misses you. The wraith closely misses you.
The wraith completely misses you. 😮 HP[+1] MP[-1]
You lost 1 mp, and now have 17/23 mp.
A wave of flame ripples out!
The flame wave engulfs the wraith!
You destroy the wraith!
Vehumet accepts your kill.
You feel your power returning.
The flame wave engulfs the wraith but does no damage.
The flame wave engulfs the wraith!
The wraith hits you!
* * * LOW HITPOINT WARNING * * *
The wraith closely misses you. The wraith completely misses you.
The wraith barely misses you. 😨 HP[-12] MP[+1]
You take 12 damage, and now have 23/64 hp.
Casting: Flame Wave (safe; 1% risk of failure)
Confirm with . or Enter, or press ? or * to list all spells.
Restarting spell: Flame Wave (safe; 1% risk of failure)
Press: ? - help, Dir - look around, f - activate You feel a surge of power!
A wave of flame ripples out!
The flame wave engulfs the wraith.
The flame wave engulfs the wraith!
You destroy the wraith!
Vehumet accepts your kill. (Press . to intensify the flame waves.)
The wraith closely misses you. 😨 MP[-3]
You lost 3 mp, and now have 15/23 mp.
A wave of flame ripples out!
The flame wave engulfs the wraith!
You destroy the wraith!
Vehumet accepts your kill. 😨 HP[+1] MP[-1]
You lost 1 mp, and now have 14/23 mp. 😨 HP[+1]
You feel yourself speed up.
There is a stone staircase leading up here. 😨 HP[+3] MP[+2]
You regained 3 hp, and now have 28/64 hp.
You regained 2 mp, and now have 16/23 mp.
You start resting. 😨 HP[+4] MP[+3]
You regained 4 hp, and now have 32/64 hp.
You regained 3 mp, and now have 19/23 mp.
Unknown command.
Josephine is nearby! 😮 HP[+5] MP[+2]
You regained 5 hp, and now have 37/64 hp.
You regained 2 mp, and now have 21/23 mp.
Josephine is nearby!
Josephine is nearby!
Casting: Flame Wave (safe; 1% risk of failure)
Confirm with . or Enter, or press ? or * to list all spells.
Aiming: Inner Flame (safe; 1% risk of failure)
Press: ? - help, Dir - move target, f - Josephine
Aim: Josephine, wielding a +0 dagger and wearing a +2 robe of resistance (chance to affect: 68%)
You feel a surge of power!
Josephine struggles to resist. 😮 MP[-2]
You lost 2 mp, and now have 19/23 mp.
Casting: Inner Flame (safe; 1% risk of failure)
Confirm with . or Enter, or press ? or * to list all spells.
You feel a surge of power!
You conjure some foxfire!
The foxfire hits Josephine.
Josephine resists.
The foxfire hits Josephine but does no damage.
Josephine casts a spell at you.
The ghostly flame explodes!
The ghostly fireball engulfs you!!
You feel drained.
* * * LOW HITPOINT WARNING * * *
Casting: Foxfire (safe; 1% risk of failure)
Confirm with . or Enter, or press ? or * to list all spells.
Aiming: Inner Flame (safe; 1% risk of failure)
Press: ? - help, Dir - move target, f/p - Josephine
Aim: Josephine, wielding a +0 dagger and wearing a +2 robe of resistance (lightly wounded, chance to affect: 68%)
You feel a surge of power!
Josephine struggles to resist.
Josephine gestures at you while chanting.
The ghostly flame explodes!
The ghostly fireball engulfs you!
You feel drained.
You die...

Skill      XL: |  1  2  3  4  5  6  7  8  9 10 11 |
---------------+----------------------------------+-----
Conjurations   | 2 3 4 6 7 8 9 10 | 10.7
Fire Magic     | 4 5 6 7 9 10 11 | 11.4
Spellcasting   | 3 4 5 6 7 |  7.8
Staves         | 3 5 6 |  6.2
Fighting       | 2 4 5 |  5.6
Dodging        | 4 5 6 |  6.8
Stealth        | |  2.0

Action                   |  1- 3 |  4- 6 |  7- 9 | 10-12 || total
-------------------------+-------+-------+-------+-------++-------
Melee: Unarmed           |    30 |       |       |       ||    30
       Kick              |     7 |     1 |     1 |       ||     9
       Peck              |     1 |     1 |     1 |     4 ||     7
       Dagger            |       |     2 |       |       ||     2
       Staff             |       |       |     2 |    14 ||    16
 Cast: Foxfire           |    79 |    90 |   131 |   175 ||   475
       Scorch            |       |     9 |    22 |    50 ||    81
       Inner Flame       |       |     1 |     3 |    12 ||    16
       Flame Wave        |       |       |     5 |     9 ||    14
       Fireball          |       |       |     3 |     8 ||    11
  Use: Scroll            |       |     9 |     9 |     8 ||    26
       Potion            |       |       |       |     1 ||     1
Armor: Robe              |    20 |       |     6 |     4 ||    30
Dodge: Dodged            |    45 |    10 |    29 |    93 ||   177
Block: Other             |       |     8 |    15 |    30 ||    53
       Reflection        |       |       |     2 |     4 ||     6

Levels and vault maps discovered:
D:1:      lemuel_arrival_rhombus, layout_basic
D:2:      layout_loops_ring
D:3:      layout_loops_ring, nicolae_ru_great_annihilating_truth
D:4:      layout_rooms, nicolae_ashenzari_panopticon, nicolae_vehumet_radiance,
          mainiacjoe_overflow_catwalk, lightli_corner_chamber
D:5:      layout_basic, nicolae_kikubaaqudgha_miasma_corner, uniq_grinder
D:6:      layout_basic, temple_statues
D:7:      corexii_shack_village, layout_basic, lemuel_round_altar, serial_shops,
          kennysheep_mini, nicolae_shop_statue_plus,
          nicolae_kite_square_tiling_tiny
D:8:      cheibrodos_shockbox, layout_rooms,
          chequers_temple_overflow_statue_of_worship,
          mainiacjoe_overflow_tiny_flanked, dpeg_oklobed_lair, serial_aquarium,
          aquarium_bridge_square [aquarium_subvault_window,
          aquarium_subvault_wall, aquarium_subvault_bridge,
          aquarium_subvault_bridge], aquarium_bridge_square
          [aquarium_subvault_wall, aquarium_subvault_wall,
          aquarium_subvault_bridge, aquarium_subvault_bridge],
          aquarium_window_1, aquarium_window_2, aquarium_view_2b,
          aquarium_pool_1
D:9:      layout_basic, david_orc_2, enter_bailey_6, uniq_grum, uniq_joseph,
          uniq_prince_ribbit1
D:10:     layout_rooms, nicolae_overflow_crystal_walls, uniq_sonja
D:11:     layout_roguey, uniq_fannar, uniq_josephine, uniq_psyche

Notes
Turn   | Place    | Note
-------+----------+-------------------------------------------
     0 | D:1      | kae the Tengu Fire Elementalist began the quest for the
                  | Orb.
     0 | D:1      | Reached XP level 1. HP: 10/10 MP: 4/4
     0 | D:1      | magus.rc [v1.11.3]
    97 | D:1      | You pick up a book of Burglary and begin reading...
    97 | D:1      | You add the spells Passwall, Ensorcelled Hibernation and
                  | Swiftness to your library.
   364 | D:1      | You pick up a book of the Hunter and begin reading...
   364 | D:1      | You add the spells Call Canine Familiar, Portal Projectile
                  | and Leda's Liquefaction to your library.
   401 | D:1      | Reached XP level 2. HP: 13/15 MP: 3/6
   413 | D:1      | HP: 3/15 [jackal (2)]
   418 | D:1      | HP: 1/15 [jackal (2)]
   509 | D:1      | Reached skill level 2 in Conjurations
   936 | D:1      | Learned a level 2 spell: Scorch
  1019 | D:2      | Reached XP level 3. HP: 19/19 MP: 1/7
  1023 | D:2      | Reached skill level 4 in Fire Magic
  1848 | D:2      | Reached XP level 4. HP: 24/24 MP: 3/8
  1918 | D:2      | Learned a level 3 spell: Inner Flame
  2233 | D:3      | You pick up a book of Blood and begin reading...
  2233 | D:3      | You add the spells Sublimation of Blood, Wereblood and
                  | Summon Hydra to your library.
  2254 | D:3      | You pick up a book of Fire and begin reading...
  2254 | D:3      | You add the spells Fireball and Starburst to your library.
  2436 | D:3      | Found a sacrificial altar of Ru.
  2450 | D:3      | Reached skill level 3 in Conjurations
  2686 | D:3      | Gained mutation: Your magical nature lets you fly swiftly
                  | and evasively. [Tengu growth]
  2686 | D:3      | Reached XP level 5. HP: 28/28 MP: 7/10
  2971 | D:4      | You pick up a book of Callings and begin reading...
  2971 | D:4      | You add the spells Summon Small Mammal and Summon Guardian
                  | Golem to your library.
  3009 | D:4      | Found a broken altar of Ashenzari.
  3048 | D:4      | You add the spells Ignite Poison and Freezing Cloud to your
                  | library.
  3130 | D:4      | Noticed a yak
  3130 | D:4      | Noticed a yak
  3276 | D:4      | Found an iron altar of Okawaru.
  3290 | D:4      | Reached skill level 5 in Fire Magic
  3297 | D:3      | Reached skill level 3 in Spellcasting
  3694 | D:4      | Found a radiant altar of Vehumet.
  3706 | D:4      | Reached XP level 6. HP: 32/32 MP: 4/11
  3894 | D:4      | Noticed a water moccasin
  3895 | D:4      | Noticed a wyvern
  3954 | D:4      | Noticed a yak
  4008 | D:4      | Became a worshipper of Vehumet
  4063 | D:5      | Entered Level 5 of the Dungeon
  4063 | D:5      | Noticed Grinder
  4121 | D:4      | Killed a yak
  4122 | D:4      | Reached skill level 4 in Conjurations
  4122 | D:4      | Reached skill level 6 in Fire Magic
  4214 | D:5      | Found an ancient bone altar of Kikubaaqudgha.
  4225 | D:5      | Reached XP level 7. HP: 30/36 MP: 7/13
  4391 | D:5      | Learned a level 4 spell: Flame Wave
  4543 | D:4      | Killed a yak
  4544 | D:4      | Reached skill level 4 in Spellcasting
  4544 | D:4      | Reached skill level 5 in Conjurations
  4544 | D:4      | Reached skill level 7 in Fire Magic
  4551 | D:4      | Killed a yak
  4668 | D:4      | Killed Grinder
  4669 | D:4      | Reached skill level 6 in Conjurations
  4669 | D:4      | Reached XP level 8. HP: 36/41 MP: 5/15
  4775 | D:5      | Reached skill level 8 in Fire Magic
  5325 | D:6      | Reached skill level 5 in Spellcasting
  5499 | D:6      | Reached * piety under Vehumet
  5499 | D:6      | Offered knowledge of Sandblast by Vehumet.
  5505 | D:6      | Reached skill level 7 in Conjurations
  5505 | D:6      | Reached skill level 9 in Fire Magic
  5744 | D:6      | Learned a level 5 spell: Fireball
  5818 | D:6      | Reached XP level 9. HP: 45/45 MP: 14/18
  5910 | D:6      | Found a staircase to the Ecumenical Temple.
  6063 | D:6      | Identified a scroll of acquirement
  6063 | D:6      | Acquired a staff of fire
  6267 | D:7      | Noticed a hornet
  6271 | D:7      | Killed a hornet
  6272 | D:7      | Reached skill level 1 in Staves
  6368 | D:7      | Found a shadowy altar of Dithmenos.
  6611 | D:7      | Found Xaodor's Jewellery Shoppe.
  6654 | D:7      | Reached skill level 1 in Fighting
  7057 | D:7      | Found Piohab's Book Shoppe.
  7213 | D:8      | Noticed a sixfirhy
  7214 | D:8      | Found a runed translucent door.
  7238 | D:8      | Offered knowledge of Freeze by Vehumet.
  7238 | D:8      | Reached ** piety under Vehumet
  7239 | D:8      | Reached skill level 3 in Dodging
  7239 | D:8      | Reached skill level 8 in Conjurations
  7240 | D:8      | Noticed a two-headed ogre
  7367 | D:8      | Noticed a hornet
  7374 | D:8      | Killed a hornet
  7375 | D:8      | Reached skill level 2 in Fighting
  7375 | D:8      | Reached skill level 2 in Staves
  7375 | D:8      | Reached skill level 6 in Spellcasting
  7513 | D:8      | Reached skill level 10 in Fire Magic
  7514 | D:8      | Reached skill level 3 in Staves
  7514 | D:8      | Reached skill level 4 in Dodging
  7515 | D:8      | Reached XP level 10. HP: 37/55 MP: 7/20
  7580 | D:8      | Killed a two-headed ogre
  7581 | D:8      | Reached skill level 3 in Fighting
  7686 | D:8      | Found a staircase to the Lair.
  7697 | D:8      | You pick up a book of the Hunter and begin reading...
  7911 | D:8      | Found a hazy altar of Hepliaklqana.
  7912 | D:8      | Found a sparkling altar of Nemelex Xobeh.
  7913 | D:8      | Found an ornate altar of the Wu Jian Council.
  7913 | D:8      | Found a bloodstained altar of Trog.
  7914 | D:8      | Found a snail-covered altar of Cheibriados.
  7917 | D:8      | You pick up a book of Necromancy and begin reading...
  7917 | D:8      | You add the spells Necrotise, Vampiric Draining and Agony
                  | to your library.
  8121 | D:8      | Learned a level 6 spell: Starburst
  8159 | D:9      | Noticed Grum
  8168 | D:9      | Killed Grum
  8175 | D:9      | Reached skill level 9 in Conjurations
  8278 | D:9      | Noticed Prince Ribbit
  8287 | D:9      | Killed Prince Ribbit
  8289 | D:9      | Reached skill level 4 in Staves
  8301 | D:9      | Reached skill level 5 in Dodging
  8301 | D:9      | HP: 14/56 [poisoned by a killer bee]
  8306 | D:9      | HP: 9/56 [poisoned by a killer bee]
  8327 | D:9      | Found a flagged portal.
  8386 | Bailey   | Entered a bailey
  8499 | Bailey   | Noticed an orc knight
  8540 | Bailey   | Offered knowledge of Hailstorm by Vehumet.
  8553 | Bailey   | Identified the +1 plate armour of Resourcefulness {rF+}
  8692 | Bailey   | Reached *** piety under Vehumet
  8775 | Bailey   | Reached skill level 4 in Fighting
  9016 | Bailey   | Killed an orc knight
  9017 | Bailey   | Reached skill level 7 in Spellcasting
  9322 | Bailey   | HP: 10/57 [orc warrior/+0 war axe (9)]
  9837 | D:9      | You pick up a book of Hexes and begin reading...
  9837 | D:9      | You add the spells Cause Fear and Discord to your library.
  9969 | D:9      | Found a staircase to the Orcish Mines.
  9975 | D:9      | Offered knowledge of Iskenderun's Mystic Blast by Vehumet.
 10097 | D:9      | Reached skill level 5 in Staves
 10097 | D:9      | Reached XP level 11. HP: 41/62 MP: 13/22
 10302 | D:9      | Reached skill level 10 in Conjurations
 10398 | D:9      | Noticed Joseph
 10402 | D:9      | Killed Joseph
 10403 | D:9      | Reached skill level 11 in Fire Magic
 10643 | D:9      | Reached skill level 6 in Dodging
 10703 | D:10     | Entered Level 10 of the Dungeon
 10891 | D:10     | Reached skill level 5 in Fighting
 11106 | D:10     | You pick up a book of Transfigurations and begin reading...
 11106 | D:10     | You add the spells Irradiate, Blade Hands and Dragon Form
                  | to your library.
 11287 | D:10     | Found a shimmering blue altar of Sif Muna.
 11328 | D:10     | Noticed Sonja
 11333 | D:10     | Killed Sonja
 11758 | D:11     | Noticed a skeletal warrior
 11766 | D:11     | Reached **** piety under Vehumet
 11766 | D:11     | Killed a skeletal warrior
 11767 | D:11     | Reached skill level 6 in Staves
 11767 | D:11     | Noticed a skeletal warrior
 11781 | D:11     | Killed a skeletal warrior
 11902 | D:11     | Noticed a skeletal warrior
 12081 | D:11     | Noticed Josephine
 12152 | D:11     | HP: 8/61 [Josephine/ghostly fireball (29)]
 12153 | D:11     | Killed from afar by Josephine

Vanquished Creatures
  A two-headed ogre (D:8)
  Sonja (D:10)
  2 skeletal warriors (D:11)
  An orc knight (Bailey)
  Joseph (D:9)
  3 trolls
  A tengu conjurer (D:9)
  Prince Ribbit (D:9)
  Grinder (D:4)
  2 hornets
  A shadow (D:10)
  4 wraiths (D:11)
  14 yaks
  Grum (D:9)
  2 water moccasins (D:8)
  10 orc warriors
  A sky beast (D:6)
  A black bear (D:5)
  A centaur (D:9)
  2 wolves (D:9)
  A phantom (D:5)
  2 scorpions
  A gnoll sergeant (D:11)
  8 wights
  10 killer bees
  8 howler monkeys
  4 jellies
  A gnoll bouda (D:6)
  3 orc priests
  2 hounds
  2 orc wizards
  14 gnolls
  7 adders
  A shadow imp (D:7)
  A white imp (D:7)
  2 worms
  A dart slug (D:2)
  43 orcs
  6 ball pythons
  5 endoplasms
  3 giant cockroaches
  15 goblins
  9 hobgoblins
  8 jackals
  3 quokkas (D:4)
  4 bats
  21 kobolds
  4 rats (D:2)
240 creatures vanquished.

Vanquished Creatures (collateral kills)
  3 foxfires (D:8)
3 creatures vanquished.

Vanquished Creatures (others)
  824 foxfires
  A plant (D:7)
825 creatures vanquished.

Grand Total: 1068 creatures vanquished

Table legend:
 A = Non-vault XP
 B = Vault XP
 C = Vault XP percentage of total XP
 D = Non-vault monster count
 E = Vault monster count
 F = Vault count percentage of total count
                 A         B        C        D         E       F
            +---------+---------+-------+---------+---------+-------
      Total |   11142 |    4724 |  29.8 |     181 |      59 |  24.6
            +---------+---------+-------+---------+---------+-------
        D:1 |      26 |       0 |   0.0 |      15 |       0 |   0.0
        D:2 |      58 |       0 |   0.0 |      18 |       0 |   0.0
        D:3 |     135 |      40 |  22.9 |      14 |       4 |  22.2
        D:4 |     690 |     277 |  28.6 |      26 |       1 |   3.7
        D:5 |     641 |       0 |   0.0 |      19 |       0 |   0.0
        D:6 |     776 |       0 |   0.0 |      21 |       0 |   0.0
        D:7 |     415 |      15 |   3.5 |      14 |       7 |  33.3
        D:8 |    2741 |       0 |   0.0 |      17 |       0 |   0.0
        D:9 |    2217 |    1290 |  36.8 |      17 |      13 |  43.3
       D:10 |    1793 |     778 |  30.3 |      14 |       1 |   6.7
       D:11 |    1650 |     838 |  33.7 |       6 |       4 |  40.0
     Bailey |       0 |    1486 | 100.0 |       0 |      29 | 100.0
            +---------+---------+-------+---------+---------+-------

Illustrated notes

Table legend:
 A = Kills in this place as a percentage of kills in entire the game.
 B = Kills by you in this place as a percentage of kills by you in the entire game.
 C = Kills by friends in this place as a percentage of kills by friends in the entire game.
 D = Other kills in this place as a percentage of other kills in the entire game.
 E = Experience gained in this place as a percentage of experience gained in the entire game.
 F = Experience gained in this place divided by the number of levels of this place that you have seen.
                   A       B       C       D       E      F
               +-------+-------+-------+-------+-------+----------------------
         Total | 100.0 | 100.0 |   N/A |   N/A | 100.0 | 1322.2
       Dungeon |  87.9 |  87.9 |   N/A |   N/A |  90.6 | 1307.3
        Bailey |  12.1 |  12.1 |   N/A |   N/A |   9.4 | 1486.0
               +-------+-------+-------+-------+-------+----------------------

Table legend: (Time is in decaauts)
 A = Elapsed time spent in this place.
 B = Non-inter-level travel time spent in this place.
 C = Inter-level travel time spent in this place.
 D = Time resting spent in this place.
 E = Time spent auto-exploring this place.
 F = Levels seen in this place.
 G = Mean time per level.
                   A        B        C        D        E       F      G
               +--------+--------+--------+--------+--------+-----+--------+
         Total |  11680 |  11258 |    422 |   1103 |   8092 |  12 |  973.3 |
       Dungeon |  10395 |   9973 |    422 |    869 |   7421 |  11 |  945.0 |
        Bailey |   1285 |   1285 |      0 |    234 |    671 |   1 | 1285.0 |
               +--------+--------+--------+--------+--------+-----+--------+

Top non-repeatable levels by time:
     D:4: 1384 daAuts
  Bailey: 1285 daAuts
     D:7: 1268 daAuts
     D:9: 1165 daAuts
     D:1: 1075 daAuts
    D:10: 1055 daAuts
     D:3: 969 daAuts
     D:5: 924 daAuts
     D:2: 862 daAuts
     D:6: 693 daAuts
     D:8: 665 daAuts
    D:11: 333 daAuts
